Map: Ultralove

Players

iPlayDefense - Winner!

  • Race: Terran Terran
  • Spawn Location: 1:00

VOD

Have the link to the VOD?

Description

Time

  • Played on: April 11, 2025, 4:38 p.m.
  • Length: 12:31
Show
View Real Time Build Order
Export as new Build Order

iPlayDefense Terran - Winner!

Build Orders:  

Get SALT Encoding   

  12  0:01  SCV  
  13  0:18  SCV  
  14  0:26  Supply Depot  
  14  0:36  Refinery  
  14  0:40  SCV  
  15  0:57  SCV  
  16  1:05  Barracks  
  16  1:14  SCV  
  17  1:35  Supply Depot  
  17  2:09  Barracks  
  17  2:11  Orbital Command  
  17  2:12  Barracks Reactor  
  17  2:19  Engineering Bay  
  17  3:02  Terran Infantry Weapons Level 1  
  17  3:04  Marine  
  17  3:05  Marine  
  19  3:19  Barracks Reactor  
  19  3:27  Barracks Tech Lab  
  19  3:29  Marine  
  20  3:30  Marine  
  20  3:36  Supply Depot  
  21  3:50  SCV  
  21  3:54  Marine  
  21  3:55  Marine  
  24  4:05  Marine  
  24  4:07  SCV  
  26  4:19  Marine  
  27  4:20  Marine  
  27  4:22  Refinery  
  27  4:24  SCV  
  29  4:30  Marine  
  30  4:41  SCV  
  30  4:44  Marine  
  30  4:45  Marine  
  30  4:49  Command Center  
  33  5:04  SCV  
  34  5:16  Unknown  
  34  5:21  SCV  
  34  5:27  Barracks  
  35  5:38  SCV  
  36  5:55  SCV  
  37  6:12  SCV  
  37  6:15  Terran Infantry Armor Level 1  
  38  6:29  SCV x2  
  40  6:36  Stimpack  
  40  6:45  Factory  
  40  6:46  SCV x2  
  42  6:51  Barracks Reactor  
  42  6:52  Supply Depot  
  42  6:53  Barracks Tech Lab  
  42  7:03  SCV x2  
  45  7:20  SCV x2  
  44  7:23  Supply Depot  
  46  7:32  Marine  
  46  7:33  Marine x3  
  46  7:36  SCV  
  46  7:37  SCV  
  52  7:51  Factory Tech Lab  
  52  7:57  Supply Depot, Marine  
  52  7:58  Marine x3  
  56  8:15  Command Center  
  56  8:18  SCV x2  
  58  8:29  Supply Depot  
  58  8:35  SCV x2  
  60  8:51  SCV  
  60  8:52  SCV  
  60  8:58  Refinery  
  62  9:00  Supply Depot  
  62  9:01  Refinery  
  62  9:08  SCV  
  62  9:09  SCV  
  64  9:25  SCV  
  64  9:26  SCV  
  66  9:47  SCV x2  
  68  9:54  Starport  
  68  10:04  SCV  
  66  10:44  SCV x2  
  68  10:59  Armory  
  68  11:00  Starport Reactor  
  68  11:06  Barracks  
  68  11:12  SCV x2  
  68  11:17  Unknown  
  70  12:05  Unknown  
  70  12:13  Barracks  
  70  12:23  Barracks Reactor  
Tags
 
Matchup
Co-op
Replay Pack
DaveSC2
Add a new tag
Caveats
  • Supply blocks, unpowered buildings, or Contaminate may cause inaccurate times.
  • Supply counts are checked every 10 seconds.